 Dungeon Crawl Stone Soup version 0.31-a0-188-g5e087ee2ca (webtiles) character file.

Game seed: 4888011286375686858

73 qw the Shooter (level 4, -2/25 HPs)
             Began as a Deep Elf Hunter on June 23, 2023.
             Slain by a hobgoblin (5 damage)
             ... led by Robin
             ... on level 2 of the Dungeon.
             The game lasted 00:00:27 (1052 turns).

qw the Shooter (Deep Elf Hunter)                    Turns: 1052, Time: 00:00:28

Health: -2/25      AC:  6    Str: 10    XL:     4   Next: 8%
Magic:  6/6        EV:  9    Int: 14    God:
Gold:   113        SH:  0    Dex: 18    Spells: 3/3 levels left

rFire   . . .        a - +0 shortbow
rCold   . . .        (shield currently unavailable)
rNeg    . . .        f - +0 scale mail
rPois   +            (no helmet)
rElec   .            (no cloak)
rCorr   .            (no gloves)
SInv    .            (no boots)
Will    .....        (no amulet)
Stlth   +            e - ring of poison resistance
HPRegen 0.24/turn    (no ring)
MPRegen 0.10/turn

%: no passive effects
@: no status effects
A: no striking features
a: no special abilities


You were on level 2 of the Dungeon.
You visited 1 branch of the dungeon, and saw 2 of its levels.

You collected 113 gold pieces.


   Skills:
 - Level 1.5 Fighting
 + Level 7.5 Ranged Weapons
 - Level 2.4 Dodging
 - Level 1.2 Stealth


You had 3 spell levels left.
You didn't know any spells.
Your spell library was empty.

Inventory:

Hand Weapons
 a - a +0 shortbow (weapon)
Armour
 f - a +0 scale mail (worn)
 g - a +0 ring mail
Jewellery
 e - a ring of poison resistance (left hand)
 i - a ring of flight
Scrolls
 c - a scroll of vulnerability {unknown}
 h - a scroll of identify {unknown}
Potions
 b - 2 potions of might {unknown}
 d - a potion of degeneration {unknown}
 j - a potion of mutation {unknown}

Dungeon Overview and Level Annotations

Branches:
Dungeon (2/15)

Altars:
Xom

Annotations:
D:2 Robin


Message History

The goblin hits you but does no damage. The goblin barely misses you.
The goblin hits you with a +0 dagger. The goblin hits you with a +0 club.
You shoot an arrow. The arrow completely misses the goblin.
The arrow hits the goblin!
You kill the goblin!
The goblin hits you with a +0 dagger. The goblin closely misses you.
You shoot an arrow. The arrow hits the goblin.
The goblin is severely wounded.
The goblin closely misses you. x2
You shoot an arrow. The arrow hits the goblin!
You kill the goblin!
The goblin hits you but does no damage. The goblin closely misses you.
The hobgoblin barely misses you.
You have reached level 4!
You feel clever.
You shoot an arrow. The arrow hits the goblin!
You kill the goblin!
The hobgoblin hits you but does no damage.
You shoot an arrow. The arrow barely misses the hobgoblin.
The arrow closely misses the hobgoblin.
The arrow hits the goblin.
You kill the goblin!
The hobgoblin barely misses you.
You shoot an arrow. The arrow closely misses the hobgoblin.
The arrow hits the hobgoblin.
You kill the hobgoblin!
The hobgoblin no longer looks unusually strong.
Robin roars a battlecry!
The hobgoblin goes into a battle-frenzy!
The hobgoblin hits you but does no damage.
The hobgoblin misses you.
You shoot an arrow.
The arrow hits the hobgoblin but does no damage.
The hobgoblin hits you. Robin throws the goblin at you!
You shoot an arrow. The arrow hits the goblin.
You kill the goblin!
The hobgoblin closely misses you.
You shoot an arrow. The arrow hits the hobgoblin.
The hobgoblin is severely wounded.
The hobgoblin hits you but does no damage.
The hobgoblin hits you.
You die...

.#..%....#
##.......#
#.........
#.......# #........
#.......# #.......
#.......#####......
+...........#$.)..
#.......###.# .g%
#.......# #.# #g#
######### #.# #@# #
######.# #)# #
#......# #.#
#######.########.#
........##.......#
##########.#######
...........#
############


You could see Robin and a hobgoblin (strong).

Vanquished Creatures
  An adder (D:2)
  2 worms (D:2)
  A dart slug (D:2)
  11 ball pythons
  5 bats
  3 endoplasms
  3 giant cockroaches
  9 goblins
  4 hobgoblins
  3 jackals (D:2)
  2 quokkas (D:2)
  A frilled lizard (D:1)
  2 kobolds (D:1)
  4 rats
51 creatures vanquished.

Notes
Turn   | Place    | Note
-------+----------+-------------------------------------------
     0 | D:1      | qw the Deep Elf Hunter began the quest for the Orb.
     0 | D:1      | Reached XP level 1. HP: 12/12 MP: 3/3
     0 | D:1      | 0 ||| qw: Version: 0.3-a-9-g12657ce
     0 | D:1      | 0 ||| qw: Game counter: 3517
     0 | D:1      | 0 ||| qw: Always use a shield: true
     0 | D:1      | 0 ||| qw: God list: Okawaru
     0 | D:1      | 0 ||| qw: Allow faded altars: false
     0 | D:1      | 0 ||| qw: Do Orc after D:15 true
     0 | D:1      | 0 ||| qw: Do second Lair branch before Depths: true
     0 | D:1      | 0 ||| qw: Lair rune preference: random
     0 | D:1      | 0 ||| qw: Plans: Normal
     0 | D:1      | 0 ||| PLANNING D:1-11
    77 | D:1      | Reached skill level 6 in Ranged Weapons
    77 | D:1      | Reached XP level 2. HP: 16/16 MP: 4/4
   172 | D:1      | Found a faded altar of an unknown god.
   606 | D:1      | 606 ||| UPGRADING to +0 scale mail.
   616 | D:1      | 616 ||| DROPPING +0 leather armour.
   617 | D:1      | 617 ||| UPGRADING to ring of poison resistance.
   618 | D:1      | 618 ||| DROPPING scroll of butterflies.
   651 | D:2      | Reached XP level 3. HP: 20/20 MP: 5/5
   799 | D:2      | Found a shimmering altar of Xom.
   829 | D:2      | Reached skill level 7 in Ranged Weapons
   879 | D:2      | 879 ||| FLEEEEING.
   880 | D:2      | 880 ||| FLEEEEING.
   881 | D:2      | 881 ||| FLEEEEING.
   882 | D:2      | 882 ||| FLEEEEING.
   883 | D:2      | 883 ||| FLEEEEING.
   884 | D:2      | 884 ||| FLEEEEING.
   885 | D:2      | 885 ||| FLEEEEING.
   886 | D:2      | 886 ||| FLEEEEING.
   887 | D:2      | 887 ||| FLEEEEING.
   888 | D:2      | 888 ||| FLEEEEING.
  1036 | D:2      | Noticed Robin
  1044 | D:2      | HP: 2/20 [goblin/+0 dagger[Robin] (5)]
  1047 | D:2      | Reached XP level 4. HP: 3/25 MP: 6/6
  1050 | D:2      | HP: 3/25 [hobgoblin[Robin] (2)]
  1052 | D:2      | Slain by a hobgoblin

Levels and vault maps discovered:
D:1:      minmay_arrival_pointy, layout_basic,
          nicolae_ecumenical_snake_handling, eino_curves_01
D:2:      layout_basic, basic_altar, uniq_robin

Skill      XL: |  1  2  3 |
---------------+----------+-----
Ranged Weapons | 6 7 |  7.5
Fighting       | |  1.5
Dodging        | |  2.4
Stealth        | |  1.2

Action                     |  1- 3 |  4- 6 || total
---------------------------+-------+-------++-------
   Fire: Shortbow          |   116 |     6 ||   122
 Armour: Leather armour    |    12 |       ||    12
         Scale mail        |    21 |     3 ||    24
  Dodge: Dodged            |    43 |     3 ||    46

Table legend:
 A = Non-vault XP
 B = Vault XP
 C = Vault XP percentage of total XP
 D = Non-vault monster count
 E = Vault monster count
 F = Vault count percentage of total count
                 A         B        C        D         E       F
            +---------+---------+-------+---------+---------+-------
      Total |      84 |      21 |  20.0 |      38 |      13 |  25.5
            +---------+---------+-------+---------+---------+-------
        D:1 |      29 |       6 |  17.1 |      18 |       4 |  18.2
        D:2 |      55 |      15 |  21.4 |      20 |       9 |  31.0
            +---------+---------+-------+---------+---------+-------
